Map: Orbital Shipyard

Players

VampyWorm - Winner!

  • Race: Protoss Protoss
  • League: Diamond

LukS

  • Race: Protoss Protoss
  • League: Diamond

VOD

Have the link to the VOD?

Description

Time

  • Played on: Dec. 16, 2015, 2:15 p.m.
  • Length: 11:00
Show
View Real Time Build Order
Export as new Build Order

VampyWorm Protoss - Winner!

Build Orders: 1 Gate Expand, Oracle Opening 

Get SALT Encoding   

  12  0:01  Probe (Chrono Boost)  
  13  0:11  Probe (Chrono Boost)  
  14  0:21  Pylon  
  14  0:22  Probe (Chrono Boost)  
  15  0:40  Probe (Chrono Boost), Gateway  
  16  0:50  Probe (Chrono Boost)  
  17  1:09  Nexus  
  17  1:16  Assimilator  
  17  1:20  Assimilator  
  17  1:22  Probe (Chrono Boost)  
  18  1:34  Cybernetics Core  
  18  1:37  Probe (Chrono Boost)  
  19  1:48  Probe (Chrono Boost)  
  20  1:59  Probe (Chrono Boost)  
  21  2:05  Pylon  
  21  2:11  Mothership Core (Chrono Boost)  
  21  2:12  Warp Gate  
  23  2:21  Stalker  
  23  2:22  Probe (Chrono Boost)  
  26  2:29  Probe (Chrono Boost)  
  27  2:32  Probe (Chrono Boost)  
  28  2:40  Probe (Chrono Boost)  
  28  2:43  Probe (Chrono Boost)  
  30  2:50  Probe (Chrono Boost), Stargate  
  31  2:54  Probe (Chrono Boost)  
  32  3:01  Probe (Chrono Boost)  
  32  3:02  Pylon  
  33  3:13  Robotics Facility  
  33  3:15  Probe x2 (Chrono Boost)  
  35  3:23  Assimilator  
  35  3:25  Probe (Chrono Boost)  
  36  3:28  Probe (Chrono Boost)  
  37  3:36  Oracle (Chrono Boost)  
  37  3:37  Probe  
  37  3:39  Probe  
  42  3:48  Probe  
  42  3:51  Probe  
  43  3:58  Probe  
  44  4:08  Void Ray (Chrono Boost)  
  44  4:09  Probe  
  48  4:10  Probe  
  48  4:14  Immortal, Pylon  
  54  4:17  Assimilator  
  54  4:23  Pylon  
  54  4:26  Gateway  
  54  4:30  Probe  
  54  4:32  Probe  
  56  4:41  Probe  
  56  4:44  Probe  
  58  4:51  Probe  
  58  4:56  Probe  
  60  5:01  Immortal (Chrono Boost), Void Ray (Chrono Boost)  
  60  5:02  Probe  
  69  5:07  Pylon  
  69  5:13  Pylon  
  69  5:26  Twilight Council  
  69  5:28  Nexus  
  69  5:29  Probe  
  69  5:31  Forge  
  70  5:40  Immortal (Chrono Boost)  
  70  5:41  Void Ray  
  73  5:49  Probe  
  79  5:50  Probe  
  79  6:00  Stalker, Pylon  
  79  6:02  Stalker, Probe x2  
  85  6:08  Charge  
  85  6:14  Probe  
  86  6:18  Probe  
  85  6:26  Probe  
  85  6:28  Void Ray  
  85  6:30  Probe  
  87  6:38  Probe, Protoss Ground Weapons Level 1 (Chrono Boost)  
  87  6:39  Zealot  
  94  6:40  Zealot  
  94  6:42  Probe  
  94  6:45  Gateway  
  97  6:48  Gateway  
  97  7:04  Zealot x2  
  97  7:05  Probe, Immortal (Chrono Boost)  
  106  7:14  Probe  
  107  7:16  Assimilator  
  107  7:20  Probe, Assimilator  
  108  7:23  Pylon  
  108  7:25  Pylon  
  108  7:33  Gateway  
  108  7:35  Void Ray, Pylon  
  108  7:41  Immortal  
  108  7:43  Zealot x2  
  116  7:44  Zealot x2  
  116  7:49  Probe  
  125  7:53  Probe x2  
  123  8:05  Zealot x4  
  131  8:06  Robotics Bay  
  131  8:13  Probe x2  
  133  8:27  Pylon  
  133  8:28  Pylon  
  133  8:30  Pylon  
  133  8:39  Void Ray  
  138  8:50  Zealot x5  
  138  8:51  Nexus  
  138  8:52  Pylon  
  138  8:53  Observer, Pylon  
  138  8:55  Protoss Ground Weapons Level 2 (Chrono Boost)  
  147  8:56  Observer Gravitic Boosters  
  147  9:01  Robotics Facility  
  148  9:03  Pylon  
  145  9:24  Nexus  
  145  9:30  Disruptor, Void Ray  
  143  9:32  Zealot x2  
  143  9:33  Stalker x3  
  149  10:07  Void Ray  
  120  10:16  Zealot x3  
  120  10:17  Zealot x2  
  123  10:37  Zealot x4  
  123  10:38  Zealot  
  123  10:40  Probe x3  
Show
View Real Time Build Order
Export as new Build Order

LukS Protoss 

Build Orders: Blink Stalkers 

Get SALT Encoding   

  12  0:02  Probe (Chrono Boost)  
  13  0:13  Probe (Chrono Boost)  
  14  0:17  Pylon  
  14  0:23  Probe (Chrono Boost)  
  16  0:35  Probe (Chrono Boost)  
  16  0:37  Gateway  
  16  0:43  Assimilator  
  16  0:46  Probe (Chrono Boost)  
  18  0:57  Probe (Chrono Boost)  
  18  1:04  Assimilator  
  18  1:10  Probe (Chrono Boost)  
  19  1:20  Probe (Chrono Boost)  
  19  1:24  Cybernetics Core  
  20  1:31  Probe (Chrono Boost)  
  21  1:41  Probe (Chrono Boost), Pylon  
  23  1:59  Nexus  
  22  2:03  Warp Gate (Chrono Boost)  
  22  2:15  Twilight Council  
  22  2:21  Mothership Core (Chrono Boost)  
  24  2:30  Stalker  
  26  2:41  Probe, Pylon, Blink (Chrono Boost)  
  27  2:57  Probe  
  28  3:02  Stalker  
  30  3:09  Probe  
  31  3:15  Probe  
  32  3:24  Probe  
  33  3:27  Probe  
  36  3:40  Gateway  
  36  3:41  Gateway, Probe  
  37  3:42  Probe (Chrono Boost)  
  38  3:54  Probe (Chrono Boost)  
  38  3:56  Probe (Chrono Boost)  
  38  4:08  Probe (Chrono Boost)  
  38  4:09  Gateway, Probe (Chrono Boost)  
  40  4:10  Gateway  
  40  4:13  Pylon  
  40  4:19  Probe (Chrono Boost)  
  40  4:21  Probe (Chrono Boost)  
  42  4:37  Stalker x3  
  40  4:57  Pylon  
  39  5:00  Probe (Chrono Boost)  
  39  5:01  Probe (Chrono Boost)  
  41  5:13  Stalker x2  
  45  5:16  Stalker  
  45  5:18  Probe (Chrono Boost)  
  45  5:19  Probe (Chrono Boost)  
  49  5:29  Stalker  
  49  5:30  Stalker  
  49  5:33  Probe (Chrono Boost)  
  49  5:34  Probe (Chrono Boost)  
  55  5:57  Stalker x5  
  51  6:04  Robotics Facility  
  59  6:08  Probe x2 (Chrono Boost)  
  61  6:25  Probe (Chrono Boost)  
  61  6:26  Probe (Chrono Boost)  
  61  6:28  Assimilator  
  61  6:32  Assimilator  
  61  6:35  Probe (Chrono Boost)  
  61  6:36  Stalker x3  
  61  6:38  Probe (Chrono Boost)  
  69  6:48  Probe (Chrono Boost)  
  70  7:06  Probe (Chrono Boost)  
  70  7:07  Probe (Chrono Boost)  
  70  7:20  Pylon  
  70  7:21  Probe x2 (Chrono Boost)  
  70  7:22  Pylon  
  69  7:31  Probe (Chrono Boost)  
  70  7:38  Stalker  
  70  7:39  Stalker x2, Probe (Chrono Boost)  
  70  7:41  Stalker x2, Nexus  
  70  7:42  Pylon  
  70  7:43  Probe (Chrono Boost)  
  82  7:50  Robotics Bay  
  83  7:51  Probe (Chrono Boost)  
  83  7:54  Probe (Chrono Boost)  
  84  8:04  Probe (Chrono Boost)  
  84  8:06  Probe (Chrono Boost)  
  84  8:14  Forge x2  
  84  8:15  Pylon  
  84  8:18  Probe (Chrono Boost)  
  84  8:19  Probe (Chrono Boost)  
  86  8:28  Templar Archives, Probe (Chrono Boost)  
  86  8:30  Probe (Chrono Boost)  
  88  8:37  Disruptor (Chrono Boost)  
  91  8:45  Stalker  
  91  8:46  Stalker x2  
  97  8:53  Probe x2  
  97  8:54  Probe  
  100  9:03  Protoss Ground Armor Level 1 (Chrono Boost)  
  100  9:09  Disruptor  
  103  9:34  Zealot  
  103  9:35  Zealot x4  
  113  9:44  Disruptor  
  114  9:45  Assimilator  
  114  9:51  Assimilator  
  89  10:25  Stalker  
  89  10:26  Stalker x4  
Tags
 
Add a new tag
Caveats
  • Supply blocks, unpowered buildings, or Contaminate may cause inaccurate times.
  • Supply counts are checked every 10 seconds.